 Dungeon Crawl Stone Soup version 0.20.1-1-g8b1a95d (webtiles) character file.

1367 jmlagarto the Covered (level 8, -3/71 HPs)
             Began as a Minotaur Fighter on Aug 13, 2017.
             Slain by an orc warrior
             ... wielding a +0 scimitar
              (18 damage)
             ... on level 6 of the Dungeon.
             The game lasted 00:15:29 (5109 turns).

jmlagarto the Covered (Minotaur Fighter)            Turns: 5109, Time: 00:15:30

Health: -3/71      AC:  7    Str: 23    XL:     8   Next: 38%
Magic:  7/7        EV:  6    Int:  5    God:
Gold:   318        SH: 16    Dex: 10    Spells: 7/7 levels left

rFire    + . .     SeeInvis .   a - +1 long sword
rCold    . . .     Gourm    .   l - +0 large shield
rNeg     . . .     Faith    +   b - +0 scale mail
rPois    .         Spirit   .   (helmet restricted)
rElec    .         Reflect  .   (no cloak)
rCorr    .         Harm     .   (no gloves)
MR       .....                  (no boots)
Stlth    ..........             o - amulet of faith
Regen    0.3/turn               t - ring of flight
MPRegen  0.1/turn               j - ring of protection from fire

@: no status effects
A: retaliatory headbutt, horns 2
a: Evoke Flight


You were on level 6 of the Dungeon.
You were very hungry.

You visited 1 branch of the dungeon, and saw 6 of its levels.

You collected 318 gold pieces.

Inventory:

Hand Weapons
 a - a +1 long sword (weapon)
Armour
 b - a +0 scale mail (worn)
 c - a +0 shield
 l - a +0 large shield (worn)
Jewellery
 j - a ring of protection from fire (right hand)
 k - a +3 ring of intelligence
 o - an amulet of faith (around neck)
 t - a ring of flight (left hand)
Wands
 h - a wand of flame (18/48)
 s - a wand of random effects (34/48)
 C - a wand of paralysis (13/24)
 D - a wand of random effects (30/48)
Scrolls
 d - a scroll of recharging {unknown}
 e - 2 scrolls of magic mapping
 i - 3 scrolls of teleportation
 p - 4 scrolls of remove curse
 u - a scroll of fog {unknown}
 v - a scroll of random uselessness {unknown}
 y - 2 scrolls of identify
 A - a scroll of enchant armour {unknown}
Potions
 g - a potion of invisibility
 n - a potion of agility
 z - a potion of haste {unknown}
 B - a potion of lignification {unknown}
Comestibles
 f - 8 bread rations
 m - 2 royal jellies
 q - 3 fruits
 w - a meat ration


   Skills:
 + Level 6.6 Fighting
 + Level 6.8 Long Blades
 + Level 7.2 Armour
 - Level 0.9 Dodging
 + Level 7.2 Shields


You had 7 spell levels left.
You didn't know any spells.

Dungeon Overview and Level Annotations

Branches:
Dungeon (6/15)             Temple (0/1) D:6

Altars:
Dithmenos
Kikubaaqudgha
Xom


Innate Abilities, Weirdness & Mutations

You reflexively headbutt those who attack you in melee.
You have a pair of horns on your head.


Message History

The orc warrior completely misses you.
You hit the orc warrior.
The orc warrior is heavily wounded.
You hit the orc. You headbutt the orc.
You kill the orc!
The orc warrior closely misses you. You furiously retaliate!
You headbutt the orc warrior.
You riposte.
You hit the orc warrior. You headbutt the orc warrior.
The orc warrior is severely wounded.
You hit the orc warrior.
The orc warrior is almost dead.
The orc warrior hits you with a scimitar!
* * * LOW HITPOINT WARNING * * *
You block the orc's attack.
You feel better. You block the orc warrior's attack.
The orc hits you with a hand axe.
* * * LOW HITPOINT WARNING * * *
You block the orc's attack.
The orc warrior hits you with a scimitar!!
You die...

#.#..#### ##....#... #.#.##
#..#......
#####.#.##########.##....#.
..................<........
......#.##########.###....#
......#.###.....#......##.#
......#.##.............##.#
..⌠..soo#o..............#.>
#oo(@................
###o................#
#................>#
#....(..........###
##.............##
##...........## #
##...........# ##
.............####.
.##...............


You could see an orc warrior, a scorpion, an orc priest and 4 orcs.

Vanquished Creatures
  An orc warrior (D:6)
  An ice beast (D:5)
  A necrophage (D:5)
  A centaur (D:6)
  An ogre (D:4)
  Blork the orc (D:4)
  A bullfrog (D:5)
  2 scorpions (D:5)
  A howler monkey (D:4)
  A crimson imp (D:5)
  A bullfrog zombie (D:6)
  A centaur skeleton (D:5)
  A gnoll shaman (D:6)
  A jelly (D:5)
  A bullfrog skeleton (D:5)
  Ijyb (D:5)
  An iguana (D:5)
  2 worker ants (D:4)
  Robin (D:2)
  A worker ant zombie (D:6)
  16 gnolls
  9 adders
  A shadow imp (D:5)
  An ooze (D:1)
  An adder skeleton (D:5)
  2 dart slugs
  A leopard gecko (D:1)
  11 orcs
  5 giant cockroaches
  17 goblins
  5 hobgoblins
  10 jackals
  A quokka (D:6)
  A ball python (D:2)
  6 bats
  6 frilled lizards
  A jackal skeleton (D:4)
  9 kobolds
  2 quokka zombies (D:6)
  4 rats
131 creatures vanquished.

Notes
Turn   | Place    | Note
-------+----------+-------------------------------------------
     0 | D:1      | jmlagarto the Minotaur Fighter began the quest for the Orb.
     0 | D:1      | Reached XP level 1. HP: 19/19 MP: 0/0
   207 | D:1      | You fall through a shaft!
   246 | D:2      | Noticed Robin
   252 | D:2      | Reached XP level 2. HP: 27/27 MP: 1/1
   282 | D:2      | Killed Robin
   282 | D:2      | Reached XP level 3. HP: 20/33 MP: 2/2
   405 | D:2      | Found a shimmering altar of Xom.
   631 | D:2      | Reached XP level 4. HP: 40/40 MP: 3/3
  1837 | D:3      | Reached XP level 5. HP: 46/46 MP: 4/4
  2586 | D:4      | Noticed Blork the orc
  2597 | D:4      | Killed Blork the orc
  2597 | D:4      | Reached skill level 5 in Armour
  2597 | D:4      | Reached skill level 5 in Shields
  2866 | D:4      | Reached XP level 6. HP: 53/53 MP: 5/5
  2899 | D:4      | HP: 2/53 [poisoned by a worker ant]
  2929 | D:4      | HP: 1/53 [gnoll/spear (8)]
  3222 | D:4      | Reached skill level 5 in Long Blades
  3347 | D:4      | Reached skill level 5 in Fighting
  3486 | D:4      | Found an ancient bone altar of Kikubaaqudgha.
  3744 | D:5      | Entered Level 5 of the Dungeon
  3776 | D:5      | Reached XP level 7. HP: 48/59 MP: 6/6
  4243 | D:5      | Found a shadowy altar of Dithmenos.
  4320 | D:5      | Noticed Ijyb
  4333 | D:5      | Killed Ijyb
  4360 | D:5      | Reached XP level 8. HP: 68/70 MP: 7/7
  4634 | D:6      | Found a staircase to the Ecumenical Temple.
  5109 | D:6      | Slain by an orc warrior

Skill      XL: |  1  2  3  4  5  6  7  8 |
---------------+-------------------------+-----
Armour         | 4 5 6 7 |  7.2
Shields        | 4 5 6 7 |  7.2
Long Blades    | 3 4 5 6 |  6.8
Fighting       | 4 5 6 |  6.6
Dodging        | |  0.9

Action                   |  1- 3 |  4- 6 |  7- 9 || total
-------------------------+-------+-------+-------++-------
Melee: Long sword        |    62 |   190 |   147 ||   399
       Headbutt          |     7 |    19 |    29 ||    55
  Use: Scroll            |       |     7 |     1 ||     8
       Potion            |       |     5 |     4 ||     9
 Stab: Invisible         |       |     1 |       ||     1
  Eat: Chunk             |       |     5 |     2 ||     7
       Meat ration       |       |     1 |       ||     1
       Fruit             |       |     1 |       ||     1
Armor: Scale mail        |    29 |    76 |    36 ||   141
Dodge: Dodged            |    27 |    33 |    35 ||    95
Block: Shield            |    34 |       |       ||    34
       Large shield      |     8 |   184 |   127 ||   319
       Rpst.: Long sword |     8 |     9 |    14 ||    31
